 Dungeon Crawl Stone Soup version 0.24-a0-521-g122614bf49 (webtiles) character file.

Game seed: 17264948735197655404

82 GordonOverkill the Firebug (level 4, -3/36 HPs)
             Began as a Demigod Fire Elementalist on July 30, 2019.
             Killed from afar by an orc wizard (10 damage)
             ... with a puff of frost
             ... on level 2 of the Dungeon.
             The game lasted 00:02:34 (1604 turns).

GordonOverkill the Firebug (DgFE)                   Turns: 1604, Time: 00:02:35

Health: -3/36      AC:  2    Str: 13    XL:     4   Next: 1%
Magic:  9/9        EV: 13    Int: 19    God:
Gold:   35         SH:  0    Dex: 16    Spells: 5/6 levels left

rFire    . . .     SeeInvis .   h - +0 hand axe
rCold    . . .     Gourm    .   (no shield)
rNeg     . . .     Faith    .   a - +0 robe
rPois    .         Spirit   .   (no helmet)
rElec    .         Reflect  .   (no cloak)
rCorr    .         Harm     .   (no gloves)
MR       .....                  (no boots)
Stlth    ++........             (no amulet)
HPRegen  0.12/turn              (no ring)
MPRegen  0.11/turn              (no ring)

@: no status effects
A: high mp 1
a: no special abilities


You were on level 2 of the Dungeon.
You were not hungry.

You visited 1 branch of the dungeon, and saw 2 of its levels.

You collected 35 gold pieces.

Inventory:

Hand Weapons
 h - a +0 hand axe (weapon)
Armour
 a - a +0 robe (worn)
Scrolls
 b - a scroll of remove curse {unknown}
Potions
 e - a potion of haste {unknown}
 g - a potion of magic {unknown}
Comestibles
 c - a ration
 d - 2 chunks of flesh


   Skills:
 + Level 2.2 Fighting
 + Level 0.2 Axes
 + Level 2.2 Armour
 - Level 2.0 Dodging
 - Level 1.7 Stealth
 - Level 1.7 Spellcasting
 - Level 0.8 Conjurations
 - Level 2.6 Fire Magic


You had 5 spell levels left.
You knew the following spells:

 Your Spells              Type           Power        Failure   Level  Hunger
a - Flame Tongue          Conj/Fire      #....        9%          1    #......

Your spell library contained the following spells:

 Spells                   Type           Power        Failure   Level  Hunger
 Throw Flame              Conj/Fire      #.....       13%         2    ###....
 Conjure Flame            Conj/Fire      #.......     26%         3    ###....
 Inner Flame              Hex/Fire       #.......     30%         3    ###....
 Sticky Flame             Conj/Fire      #.......     63%         4    #####..
 Fireball                 Conj/Fire      #.........   93%         5    ######.


Dungeon Overview and Level Annotations

Branches:
Dungeon (2/15)


Innate Abilities, Weirdness & Mutations

You have an increased reservoir of magic. (+10% MP)


Message History

The magic dart hits you.
Things that are here:
a +0 short sword; a +0 club; a hobgoblin skeleton The orc wizard mumbles some strange words.
The orc wizard flickers and vanishes!
Deactivating autopickup; reactivate with Ctrl-A.
You start resting.
A magic dart appears from out of thin air!
The magic dart hits you! Something completely misses you.
You hear some strange, mumbled words.
A puff of frost appears from out of thin air!
The puff of frost hits you!
A puff of flame appears from out of thin air!
The puff of flame hits you.
* * * LOW HITPOINT WARNING * * *
You see here a +0 club.
A puff of frost appears from out of thin air!
The puff of frost hits you!
You die...

#. #..##.# #..# ###.# #..##.#
#.## # ....# #..##.# #.# ##8##
#...# #..##.# #.##8...8 #...#
#..##.# #รท##..... #...# #..##.#
#.#_.....
....############..##.###.##.....
#.........#..............##8...8
#...#####.#...).@........# ##8##
#...#####.#.#####.######## ##
..................#
###################


There were no monsters in sight!

Vanquished Creatures
  A worker ant (D:2)
  A gnoll (D:2)
  An ooze (D:1)
  2 worms (D:2)
  2 dart slugs
  A leopard gecko (D:1)
  An orc (D:2)
  A giant cockroach (D:1)
  3 goblins
  3 hobgoblins
  4 kobolds
  3 bats
  12 rats
35 creatures vanquished.

Notes
Turn   | Place    | Note
-------+----------+-------------------------------------------
     0 | D:1      | GordonOverkill the Demigod Fire Elementalist began the
                  | quest for the Orb.
     0 | D:1      | Reached XP level 1. HP: 14/14 MP: 5/5
   494 | D:1      | Reached XP level 2. HP: 21/22 MP: 2/7
   516 | D:1      | Reached skill level 1 in Fighting
   627 | D:1      | Reached skill level 1 in Armour
  1022 | D:2      | Found a stormy altar of Qazlal.
  1082 | D:2      | Reached XP level 3. HP: 20/28 MP: 3/8
  1520 | D:2      | Reached XP level 4. HP: 33/36 MP: 4/9
  1604 | D:2      | Killed from afar by an orc wizard

Levels and vault maps discovered:
D:1:      lightli_arrival_chessboard, layout_basic, minmay_shallow_snake_nest
D:2:      layout_loops_ring, nicolae_overflow_hidden_temple, minmay_rat_hole,
          uniq_terence, uniq_robin

Skill      XL: |  1  2  3 |
---------------+----------+-----
Dodging        | 2 |  2.0
Fighting       | 1 2 |  2.2
Armour         | 1 2 |  2.2
Axes           | |  0.2
Stealth        | |  1.7
Spellcasting   | |  1.7
Conjurations   | |  0.8
Fire Magic     | |  2.6

Action                   |  1- 3 |  4- 6 || total
-------------------------+-------+-------++-------
Melee: Short sword       |    35 |       ||    35
 Cast: Flame Tongue      |    58 |     1 ||    59
  Eat: Chunk             |     3 |       ||     3
Armor: Robe              |     6 |       ||     6
Dodge: Dodged            |    34 |     1 ||    35

Table legend:
 A = Non-vault XP
 B = Vault XP
 C = Vault XP percentage of total XP
 D = Non-vault monster count
 E = Vault monster count
 F = Vault count percentage of total count
                 A         B        C        D         E       F
            +---------+---------+-------+---------+---------+-------
      Total |     110 |       8 |   6.8 |      27 |       8 |  22.9
            +---------+---------+-------+---------+---------+-------
        D:1 |      30 |       0 |   0.0 |      14 |       0 |   0.0
        D:2 |      80 |       8 |   9.1 |      13 |       8 |  38.1
            +---------+---------+-------+---------+---------+-------
